AoeStats
← Hisoka

Arena

508067907Analyzed
3v3 RM · 12d ago on Sep 20, 2026· 53m 54s· 6 players
Game mode
Random Map
Map size
Normal (6 player)
Population
200
Speed
Normal
Resources
Standard
Victory
Conquest
Starting age
Dark Age
Ending age
Imperial Age
RankedLock teamsTeams togetherTeam positionsShared explorationLock speedFull tech treeHidden civsTurbo modeCheats
Victory
Defeat
🇫🇷 Khmer · France
1093
+13
🇩🇪 Poles · Germany
978
+18
🇩🇪 Lithuanians · Germany
954
+20
🇦🇷 Teutons · Argentina
1073
-27
🇦🇷 Inca · Argentina
1046
-18
🇨🇱 Spanish · Chile
954
-14
malzeit
11:53 Feudal Age
15:54 Castle Age
14:21 Double-Bit Axe
14:52 Horse Collar
15:42 Gold Mining
16:04 Pikeman
16:51 Loom
19:32 Squires
20:29 Fervor
21:03 Wheelbarrow
21:41 Scale Mail Armor
21:51 Forging
23:38 Sanctity
23:31 Redemption
24:22 Bloodlines
27:32 Scale Barding Armor
28:03 Iron Casting
30:10 Heavy Plow
31:06 Bow Saw
31:06 Herbal Medicine
31:33 Husbandry
35:07 Imperial Age
32:47 Stone Mining
33:36 Chain Barding Armor
36:02 Hand Cart
35:33 Elite Leitis
36:54 Plate Barding Armor
37:23 Conscription
38:40 Stone Shaft Mining
39:11 Two-Man Saw
39:08 Block Printing
39:29 Theocracy
39:44 Crop Rotation
42:21 Hoardings
42:39 Tower Shields
42:59 Caravan
44:11 Fletching
44:38 Masonry
45:57 Chemistry
45:20 Ballistics
49:46 Town Watch
JhonDir
0:35 Loom
13:34 Feudal Age
14:18 Horse Collar
14:36 Double-Bit Axe
16:46 Stone Mining
17:17 Bloodlines
17:09 Gold Mining
19:50 Scale Barding Armor
19:56 Forging
21:54 Castle Age
21:59 Scale Mail Armor
22:10 Forging
22:43 Fletching
22:51 Elite Skirmisher
43:13 Heavy Plow
43:26 Bow Saw
48:27 Stone Shaft Mining
Nostradamos7031
12:09 Feudal Age
16:11 Castle Age
14:30 Double-Bit Axe
14:32 Horse Collar
16:06 Loom
22:09 Bow Saw
22:29 Heavy Plow
23:28 Town Watch
24:14 Stone Mining
25:27 Fletching
26:04 Bodkin Arrow
27:17 Stone Shaft Mining
26:33 Gold Mining
30:40 Imperial Age
28:52 Padded Archer Armor
29:14 Ballistics
29:05 Masonry
29:37 Gold Shaft Mining
29:44 Wheelbarrow
30:33 Leather Archer Armor
30:39 Husbandry
30:49 Bloodlines
31:19 Hand Cart
31:30 Scale Barding Armor
31:00 Elite Ballista Elephant
31:45 Double Crossbow
33:15 Chemistry
32:47 Conscription
33:10 Siege Engineers
33:08 Bracer
33:47 Ring Archer Armor
34:19 Hoardings
34:16 Architecture
33:23 Light Cavalry
35:02 Chain Barding Armor
36:53 Forging
38:01 Plate Barding Armor
40:22 Iron Casting
42:27 Blast Furnace
45:47 Elite Battle Elephant
51:17 Caravan
Hisoka
2:56 Loom
11:24 Feudal Age
19:43 Castle Age
21:43 Bloodlines
21:36 Padded Archer Armor
24:35 Gold Mining
26:29 Leather Archer Armor
31:39 Imperial Age
29:38 Double-Bit Axe
29:35 Horse Collar
29:49 Stone Mining
31:15 Wheelbarrow
31:30 Heavy Plow
31:43 Bow Saw
32:49 Hand Cart
33:37 Two-Man Saw
33:15 Ring Archer Armor
33:37 Husbandry
33:40 Fletching
35:10 Chemistry
34:33 Ballistics
35:28 Bodkin Arrow
34:56 Elite Skirmisher
37:21 Conscription
36:22 Elite Conquistador
37:07 Inquisition
38:09 Bracer
41:01 Stone Shaft Mining
41:15 Onager
46:32 Forging
46:22 Scale Mail Armor
48:02 Iron Casting
46:51 Pikeman
47:32 Squires
47:17 Arson
47:32 Halberdier
51:21 Blast Furnace
50:36 Chain Mail Armor
Guido166
11:03 Feudal Age
11:34 Horse Collar
13:35 Wheelbarrow
14:35 Double-Bit Axe
17:17 Castle Age
15:59 Gold Mining
16:04 Loom
16:55 Scale Barding Armor
17:03 Stone Mining
17:30 Forging
18:27 Bow Saw
19:06 Chain Barding Armor
19:13 Bloodlines
23:45 Heavy Plow
31:04 Hand Cart
36:36 Imperial Age
37:17 Iron Casting
37:55 Plate Barding Armor
36:43 Cavalier
45:45 Chemistry
47:32 Paladin
diegoperezprofe
8:58 Loom
11:54 Feudal Age
18:25 Castle Age
16:27 Champi Runner
19:53 Scale Mail Armor
27:29 Forging
27:35 Chain Mail Armor
28:38 Wheelbarrow
32:55 Imperial Age
30:32 Horse Collar
30:37 Double-Bit Axe
30:42 Gold Mining
30:48 Crossbowman
32:54 Fletching
33:04 Padded Archer Armor
32:44 Pikeman
33:48 Thumb Ring
34:00 Bodkin Arrow
34:29 Bow Saw
34:20 Heavy Plow
37:49 Iron Casting
37:44 Plate Mail Armor
38:33 Halberdier
41:49 Onager
50:21 Bracer
50:36 Leather Archer Armor
53:05 Blast Furnace
Connection lost

Rejoining the realm…

Still unreachable

The connection could not be restored.

Session expired

The server has moved on; the page needs a fresh start.